 Dungeon Crawl Stone Soup version 0.31-a0-1388-g4b2ba238e7 (webtiles) character file.

Game seed: 11484824571498611281

72 Curundu the Slasher (level 4, -3/41 HPs)
             Began as a Minotaur Berserker on Dec 25, 2023.
             Was a Believer of Trog.
             Slain by TransRights's ghost (8 damage)
             ... on level 3 of the Dungeon.
             The game lasted 00:13:32 (2330 turns).

Curundu the Slasher (Minotaur Berserker)            Turns: 2330, Time: 00:13:33

Health: -3/41      AC:  6    Str: 24    XL:     4   Next: 6%
Magic:  0/3        EV:  8    Int:  4    God:    Trog [**....]
Gold:   144        SH:  9    Dex:  9    Spells: 3/3 levels left

rFire   . . .        a - +0 falchion
rCold   . . .        r - +0 tower shield
rNeg    . . .        g - +0 ring mail
rPois   .            (helmet restricted)
rElec   .            (no cloak)
rCorr   .            (no gloves)
SInv    .            k - +0 pair of boots
Will    .....        l - amulet of guardian spirit Stlth
                     (no ring)
HPRegen 0.26/turn    (no ring)
MPRegen 0.08/turn

%: guardian spirit
@: no status effects
A: horns 2, retaliatory headbutt
a: Renounce Religion, Berserk, Trog's Hand


You were on level 3 of the Dungeon.
You worshipped Trog.
Trog was pleased with you.
You visited 1 branch of the dungeon, and saw 3 of its levels.

You collected 189 gold pieces.
You spent 45 gold pieces at shops.

Inventory:

Hand Weapons
 a - a +0 falchion (weapon)
Missiles
 d - a throwing net
 t - 6 poisoned darts
Armour
 g - a +0 ring mail (worn)
 k - a +0 pair of boots (worn)
 r - a +0 tower shield (worn)
Jewellery
 i - an amulet of magic regeneration
 l - an amulet of guardian spirit (around neck)
Scrolls
 c - a scroll of fog {unknown}
 h - a scroll of poison {unknown}
 j - a scroll of torment {unknown}
 m - 2 scrolls of identify {unknown}
 n - a scroll of vulnerability {unknown}
 o - 2 scrolls of fear {unknown}
 s - 2 scrolls of teleportation {unknown}
Potions
 b - a potion of cancellation {unknown}
 e - a potion of lignification {unknown}
 f - 4 potions of enlightenment {unknown}
 p - a potion of heal wounds {unknown}
 q - 2 potions of degeneration {unknown}
 u - a potion of invisibility {unknown}


   Skills:
 + Level 4.4 Fighting
 + Level 4.9 Long Blades
 + Level 3.1 Armour
 + Level 2.4 Dodging


You had 3 spell levels left.
You didn't know any spells.
Your spell library was empty.

Dungeon Overview and Level Annotations

Branches:
Dungeon (3/15)

Altars:
Dithmenos
Zin

Shops:
D:3 ==*

Annotations:
D:3 TransRights's ghost, amateur MiFi


Innate Abilities, Weirdness & Mutations

You have a pair of horns on your head.
You reflexively headbutt those who attack you in melee.


Message History

You hit TransRights's ghost but do no damage.
You headbutt TransRights's ghost!
TransRights's ghost is moderately damaged.
TransRights's ghost lets out a mournful wail.
You block TransRights's ghost's attack. TransRights's ghost hits you!
You hit TransRights's ghost but do no damage.
TransRights's ghost is moderately damaged.
TransRights's ghost hits you.
You hit TransRights's ghost.
TransRights's ghost is moderately damaged.
TransRights's ghost hits you!
TransRights's ghost hits you but does no damage.
You hit TransRights's ghost but do no damage.
TransRights's ghost is moderately damaged.
TransRights's ghost barely misses you.
You hit TransRights's ghost but do no damage.
TransRights's ghost is moderately damaged.
TransRights's ghost hits you.
You barely miss TransRights's ghost.
TransRights's ghost is moderately damaged.
TransRights's ghost completely misses you.
You furiously retaliate!
You headbutt TransRights's ghost! You block TransRights's ghost's attack.
You barely miss TransRights's ghost.
Your headbutt misses TransRights's ghost.
TransRights's ghost is heavily damaged.
You block TransRights's ghost's attack.
You barely miss TransRights's ghost.
TransRights's ghost is heavily damaged.
TransRights's ghost barely misses you. You furiously retaliate!
You headbutt TransRights's ghost! You closely miss TransRights's ghost.
TransRights's ghost is severely damaged.
TransRights's ghost hits you!
* * * LOW HITPOINT WARNING * * *
TransRights's ghost barely misses you.
You barely miss TransRights's ghost.
TransRights's ghost is severely damaged.
TransRights's ghost hits you!
You die...

.................................
..................#..............
..................#...........)..
.......#.#######.................
.......#.###..##.................
.......#.##.#≈.#..#..............
.........##.≈⌠~#.................
....†....#.$.≈~'.................
...∩.....##..#.W@................
........##.....#..#..............
........####≈.~#...(.............
..##+######.##~##................
..##.....########................
..........###..##................
.................................
........#.###..####..............
........#'###..####..............


You could see TransRights's ghost.

Vanquished Creatures
  An adder (D:2)
  2 worms (D:2)
  4 dart slugs
  An orc (D:3)
  An endoplasm (D:1)
  3 giant cockroaches
  7 goblins
  3 hobgoblins
  3 jackals
  5 kobolds
  5 quokkas
  A ball python (D:3)
  3 bats
  A frilled lizard (D:3)
  5 rats
45 creatures vanquished.

Notes
Turn   | Place    | Note
-------+----------+-------------------------------------------
     0 | D:1      | Curundu the Minotaur Berserker began the quest for the Orb.
     0 | D:1      | Reached XP level 1. HP: 19/19 MP: 0/0
   339 | D:1      | Reached XP level 2. HP: 18/27 MP: 1/1
  1022 | D:2      | Reached XP level 3. HP: 21/31 MP: 2/2
  1186 | D:2      | Found a glowing silver altar of Zin.
  1508 | D:3      | Reached ** piety under Trog
  1548 | D:3      | Found Ukluomit's General Store.
  1630 | D:3      | Bought a +0 tower shield for 45 gold pieces
  1642 | D:3      | Found a shadowy altar of Dithmenos.
  1717 | D:3      | Found a large runed translucent door.
  1720 | D:3      | Found Guquh's Jewellery Boutique.
  1911 | D:3      | Found Citasaaj's Jewellery Boutique.
  1939 | D:3      | Reached XP level 4. HP: 41/41 MP: 3/3
  1987 | D:3      | Found a large runed translucent door.
  1988 | D:3      | Noticed TransRights's ghost (amateur MiFi)
  2330 | D:3      | Slain by TransRights's ghost

Illustrated notes

Levels and vault maps discovered:
D:1:      dpeg_arrival_yet_another_circle, layout_loops_ring,
          minmay_misc_feat_room, minmay_gold_behind_fungi
D:2:      layout_rooms, basic_altar, minmay_cupped
D:3:      layout_basic, lemuel_tele_altar, ebering_ghost_disaster_area,
          serial_shops, shop, nicolae_shop_pleasant_corner_grove, shop

Skill      XL: |  1  2  3 |
---------------+----------+-----
Long Blades    | 4 |  4.9
Fighting       | 4 |  4.4
Armour         | 3 |  3.1
Dodging        | |  2.4

Action                     |  1- 3 |  4- 6 || total
---------------------------+-------+-------++-------
  Melee: Falchion          |   119 |    18 ||   137
         Headbutt          |    25 |     2 ||    27
 Armour: Ring mail         |    67 |     9 ||    76
         Animal skin       |    13 |       ||    13
  Dodge: Dodged            |    67 |     6 ||    73
  Block: Tower shield      |     6 |     4 ||    10
         Buckler           |     2 |       ||     2

Table legend: (Time is in decaauts)
 A = Elapsed time spent in this place.
 B = Non-inter-level travel time spent in this place.
 C = Inter-level travel time spent in this place.
 D = Time resting spent in this place.
 E = Time spent auto-exploring this place.
 F = Levels seen in this place.
 G = Mean time per level.
                   A        B        C        D        E       F      G
               +--------+--------+--------+--------+--------+-----+--------+
         Total |   2350 |   2350 |      0 |    211 |   1619 |   3 |  783.3 |
       Dungeon |   2350 |   2350 |      0 |    211 |   1619 |   3 |  783.3 |
               +--------+--------+--------+--------+--------+-----+--------+

Top non-repeatable levels by time:
     D:1: 1018 daAuts
     D:3: 853 daAuts
     D:2: 478 daAuts
